 Dungeon Crawl Stone Soup version 0.29.1-4-g47bece8355 (webtiles) character file.

Game seed: 14185204441817187803

6845 styxcanada the Covert (level 10, -5/49 HPs)
             Began as a Spriggan Brigand on Dec 9, 2022.
             Was an Initiate of Gozag.
             Slain by a komodo dragon (26 damage)
             ... on level 8 of the Dungeon on Dec 11, 2022.
             The game lasted 00:43:52 (9140 turns).

styxcanada the Covert (Spriggan Brigand)            Turns: 9140, Time: 00:43:52

Health: -5/49      AC: 11    Str:  7    XL:     10   Next: 78%
Magic:  20/20      EV: 24    Int: 14    God:    Gozag
Gold:   1328       SH:  0    Dex: 20    Spells: 16/21 levels left

rFire   . . .      SeeInvis +   o - +4 short sword (protect)
rCold   . . .      Faith    .   (no shield)
rNeg    . . .      Spirit   .   b - +0 robe
rPois   .          Reflect  .   (helmet restricted)
rElec   .          Harm     .   c - +1 cloak
rCorr   .          Rampage  .   (gloves unavailable)
Will    ++...                   (boots unavailable)
Stlth   ++++++....              n - amulet of regeneration
HPRegen 0.96/turn               C - ring of willpower
MPRegen 0.17/turn               x - ring of wizardry

@: under a protective aura, very quick
A: very small, no large weapons, unfitting armour, see invisible, speed 3
a: Renounce Religion, Potion Petition, Call Merchant, Bribe Branch


You were on level 8 of the Dungeon.
You worshipped Gozag.
Gozag was most pleased with you.
You visited 2 branches of the dungeon, and saw 9 of its levels.
You also visited: Ossuary.

You collected 1471 gold pieces.
You paid 143 gold pieces to Gozag.

Inventory:

Hand Weapons
 a - a +2 dagger
 g - a +2 dagger of venom
 k - a +0 sling
 o - a +4 short sword of protection (weapon)
Missiles
 d - 15 poisoned darts (quivered)
 e - 3 curare-tipped darts
 i - 55 stones
 v - 2 throwing nets
Armour
 b - a +0 robe (worn)
 c - a +1 cloak (worn)
Magical Staves
 f - a staff of conjuration
 m - a staff of cold
Jewellery
 l - an amulet of reflection
 n - an amulet of regeneration (around neck)
 q - an amulet of magic regeneration
 t - an amulet of guardian spirit
 x - a ring of wizardry (right hand)
 C - a ring of willpower (left hand)
 K - a ring of positive energy
Wands
 h - a wand of mindburst (2)
Scrolls
 y - 4 scrolls of teleportation
 z - a scroll of immolation
 A - 2 scrolls of blinking
 B - 3 scrolls of magic mapping
 H - 3 scrolls of fog
 M - 2 scrolls of identify
Potions
 j - 11 potions of curing
 p - 2 potions of resistance
 r - 4 potions of brilliance
 s - 3 potions of magic
 u - 2 potions of cancellation
 w - a potion of haste
 D - a potion of might {unknown}
 E - 5 potions of heal wounds
 F - a potion of ambrosia {unknown}
 G - a potion of degeneration {unknown}
 I - a potion of flight {unknown}
 J - a potion of mutation {unknown}
 L - a potion of lignification {unknown}


   Skills:
 + Level 4.1 Fighting
 + Level 7.1 Short Blades
 + Level 3.4 Ranged Weapons
 + Level 3.0 Throwing
 * Level 8.7 Dodging
 * Level 13.0 Stealth
 * Level 6.2 Spellcasting
 * Level 3.1 Summonings
 + Level 6.0 Translocations
 * Level 7.0 Evocations


You had 16 spell levels left.
You knew the following spells:

 Your Spells              Type           Power      Damage    Failure   Level
a - Blink                 Tloc           42%        N/A       1%          2
b - Call Canine Familiar  Summ           13%        N/A       5%          3

Your spell library contained the following spells:

 Spells                   Type           Power      Damage    Failure   Level
 Summon Small Mammal      Summ           52%        N/A       1%          1
 Lesser Beckoning         Tloc           21%        N/A       1%          3
 Beastly Appendage        Tmut           8%         N/A       6%          1
 Wereblood                Tmut           4%         N/A       10%         2
 Summon Guardian Golem    Hex/Summ       8%         N/A       10%         3
 Manifold Assault         Tloc           21%        N/A       14%         5
 Ozocubu's Armour         Ice            4%         N/A       19%         3
 Spider Form              Tmut/Pois      4%         N/A       19%         3
 Ozocubu's Refrigeration  Ice            2%         4d7       100%        7


Dungeon Overview and Level Annotations

Branches:
Dungeon (8/15)             Temple (1/1) D:6         Ossuary (visited)
   Lair: D:8-11

Altars:
Ashenzari
Cheibriados
Elyvilon
Fedhas
Gozag
Hepliaklqana
Makhleb
Nemelex Xobeh
Okawaru
Qazlal
Ru
Sif Muna
Trog
Uskayaw
Vehumet
Xom
Yredelemnul
The Shining One

Shops:
D:8 *


Innate Abilities, Weirdness & Mutations

You are very small and have problems with some larger weapons.
You are too small for most types of armour.
You have supernaturally acute eyesight. (SInv)
You cover ground extremely quickly. (Speed+++)


Message History

The komodo dragon completely misses you.
You hit the komodo dragon.
The komodo dragon is lightly wounded.
You hit the komodo dragon but do no damage.
The komodo dragon is lightly wounded.
The komodo dragon bites you.
You hit the komodo dragon but do no damage.
The komodo dragon is lightly wounded.
The komodo dragon closely misses you.
You barely miss the komodo dragon.
The komodo dragon is lightly wounded.
You hit the komodo dragon but do no damage.
The komodo dragon is lightly wounded.
The komodo dragon misses you.
You closely miss the komodo dragon.
The komodo dragon is lightly wounded.
The komodo dragon misses you.
You hit the komodo dragon.
The komodo dragon is moderately wounded.
The komodo dragon bites you!
You barely miss the komodo dragon.
The komodo dragon is moderately wounded.
You hit the komodo dragon.
The komodo dragon is moderately wounded.
The komodo dragon bites you!
You hit the komodo dragon but do no damage.
You punch the komodo dragon, but do no damage.
The komodo dragon is moderately wounded.
The komodo dragon completely misses you.
You hit the komodo dragon.
The komodo dragon is moderately wounded.
The komodo dragon completely misses you.
You hit the komodo dragon.
The komodo dragon is heavily wounded.
You puncture the komodo dragon!
The komodo dragon is severely wounded.
The komodo dragon bites you!!
Ouch! That really hurt!
You die...
Your body crumbles into a pile of gold.

#..~.~~.~..#.#### ###...........
##...~.~~..#.#######....#........
#...~.~...#.##........##...#....
#..~~....##.#........###..##.#..
#..~≈....#..#####........##.....
#..~~......###..######....#.....
#..~......#.#...)##..##...#.....
##~~.#...####....'....#.........
#≈###..##..##.@##....#.........
#≈# ##.#...)'#l###..####...#...
#≈## #.#....##...##'#.^##......
#≈###.##..##.....##....'....##
#~##..##+##(.....?#.)..#..####
####....## #[..8..)##..##.....#
.....####$ #$.....(##+##..#....
###### ##.....## #.##.#.# ##...##
####.##.


You could see a komodo dragon.

Vanquished Creatures
  A two-headed ogre (D:8)
  Pikel (D:4)
  A hornet (D:8)
  2 polar bears (D:8)
  3 yaks (D:8)
  An acid dragon (D:8)
  2 ice beasts
  3 sky beasts
  4 ogres
  3 wolves (D:8)
  4 centaurs
  2 phantoms
  A lemure (D:4)
  Blork the orc (D:5)
  5 bullfrogs
  6 scorpions
  10 wights
  A hornet simulacrum (D:8)
  7 killer bees
  2 electric eels (D:8)
  2 howler monkeys
  3 centaur zombies (Ossuary)
  A jelly (D:7)
  6 human zombies (Ossuary)
  3 hounds
  An orc priest (D:7)
  2 gnoll boudas
  6 iguanas
  6 scorpion zombies (Ossuary)
  4 orc wizards
  2 centaur simulacra (D:8)
  3 mummies (Ossuary)
  18 gnolls
  12 adders
  4 white imps
  An ufetubus (D:5)
  A worm (D:4)
  3 dart slugs (D:1)
  21 orcs
  4 endoplasms
  3 gnoll zombies (Ossuary)
  2 goblins (D:1)
  3 hobgoblins
  7 kobolds
  5 quokkas
  3 ball pythons
  7 bats
  3 frilled lizards
  2 goblin zombies (Ossuary)
  2 kobold zombies (Ossuary)
  4 orc zombies (Ossuary)
  5 rats
209 creatures vanquished.

Vanquished Creatures (others)
  A howler monkey (D:4)
  An orc wizard (D:5)
  2 adders (D:4)
  2 kobolds (D:4)
6 creatures vanquished.

Grand Total: 215 creatures vanquished

Notes
Turn   | Place    | Note
-------+----------+-------------------------------------------
     0 | D:1      | styxcanada the Spriggan Brigand began the quest for the
                  | Orb.
     0 | D:1      | Reached XP level 1. HP: 10/10 MP: 2/2
    13 | D:1      | Reached skill level 6 in Stealth
    49 | D:1      | Reached XP level 2. HP: 8/14 MP: 3/3
   226 | D:1      | Found a faded altar of an unknown god.
   544 | D:1      | Reached skill level 7 in Stealth
   739 | D:2      | Reached XP level 3. HP: 18/18 MP: 4/4
   971 | D:2      | Learned a level 2 spell: Blink
  1159 | D:2      | Reached XP level 4. HP: 19/23 MP: 5/5
  1761 | D:3      | Reached skill level 1 in Translocations
  1848 | D:3      | Reached skill level 8 in Stealth
  2006 | D:3      | Reached XP level 5. HP: 26/26 MP: 6/6
  2487 | D:4      | Found a sand-covered staircase.
  2493 | Ossuary  | Entered an ossuary
  2517 | Ossuary  | Reached skill level 1 in Spellcasting
  2645 | Ossuary  | Reached XP level 6. HP: 26/30 MP: 8/8
  2658 | Ossuary  | Reached skill level 1 in Evocations
  2667 | Ossuary  | Reached skill level 9 in Stealth
  2871 | Ossuary  | Reached XP level 7. HP: 26/35 MP: 11/11
  3324 | D:4      | Reached skill level 5 in Dodging
  3324 | D:4      | Reached XP level 8. HP: 40/40 MP: 13/13
  3468 | D:4      | Found a shimmering altar of Xom.
  3562 | D:4      | You fall into a shaft and drop 3 floors!
  3731 | D:6      | Found a staircase to the Ecumenical Temple.
  3738 | Temple   | Entered the Ecumenical Temple
  3792 | Temple   | Became a worshipper of Gozag Ym Sagoz the Greedy
  4036 | D:6      | Found a transporter.
  4043 | D:5      | Entered Level 5 of the Dungeon
  4142 | D:5      | Reached skill level 5 in Short Blades
  4142 | D:5      | Reached skill level 10 in Stealth
  4244 | D:5      | Reached skill level 1 in Ranged Weapons
  4466 | D:5      | Reached skill level 5 in Translocations
  4642 | D:4      | Noticed Pikel
  4646 | D:4      | Killed Pikel
  4647 | D:4      | Reached XP level 9. HP: 44/44 MP: 14/16
  4784 | D:4      | Found a hide-covered altar of Uskayaw.
  5573 | D:5      | Reached skill level 11 in Stealth
  5585 | D:5      | Noticed Blork the orc
  5617 | D:5      | Killed Blork the orc
  5712 | D:6      | Found a transporter.
  5719 | D:6      | Found a glowing golden altar of the Shining One.
  6420 | D:6      | Reached skill level 5 in Evocations
  6426 | D:6      | Learned a level 3 spell: Call Canine Familiar
  6994 | D:7      | Reached skill level 12 in Stealth
  7004 | D:7      | Reached skill level 1 in Summonings
  7226 | D:7      | Reached skill level 5 in Spellcasting
  7279 | D:7      | Found a blossoming altar of Fedhas.
  7454 | D:7      | Found a sacrificial altar of Ru.
  7458 | D:7      | Found a snail-covered altar of Cheibriados.
  7459 | D:7      | Found a burning altar of Makhleb.
  7459 | D:7      | Found a radiant altar of Vehumet.
  7706 | D:8      | Reached XP level 10. HP: 49/49 MP: 18/18
  7838 | D:8      | Found an iron altar of Okawaru.
  8339 | D:8      | Noticed a two-headed ogre
  8404 | D:8      | Killed a two-headed ogre
  8784 | D:8      | Found Jeynt's Assorted Antiques.
  9109 | D:8      | Reached skill level 13 in Stealth
  9140 | D:8      | Slain by a komodo dragon

Illustrated notes

Levels and vault maps discovered:
D:1:      tarquinn_simple_flora_water_d, layout_rooms,
          shapermc_ecumenical_altar_mp_highgroup
D:2:      layout_basic
D:3:      layout_loops_cross
D:4:      layout_loops_corners, nicolae_uskayaw_dance_hall, xom_confusion_cloud,
          nicolae_ossuary_entry_plus, uniq_pikel
D:5:      layout_basic, kennysheep_small_circle, uniq_blork_the_orc
D:6:      layout_layer_cave, gammafunk_temple_overflow_arena, temple_statues
D:7:      layout_layer_cave, fedhas_altar_2, mainiacjoe_overflow_alcove_3
D:8:      minmay_bubble_buster, layout_cave_pools,
          nicolae_overflow_crystal_walls, serial_ice, serial_ice_g,
          serial_ice_a, serial_ice_k, serial_ice_o, serial_shops,
          nicolae_take_the_stairs
Temple:   kb_temple_of_zot

Skill      XL: |  1  2  3  4  5  6  7  8  9 10 |
---------------+-------------------------------+-----
Stealth        | 6 7 8 9 10 12 13 | 13.0
Dodging        | 2 3 5 6 7 8 |  8.7
Translocations | 1 2 3 5 6 |  6.0
Short Blades   | 3 4 5 6 7 |  7.1
Fighting       | 2 3 4 |  4.1
Spellcasting   | 1 2 4 5 6 |  6.2
Evocations     | 1 3 4 5 7 |  7.0
Ranged Weapons | 2 3 |  3.4
Summonings     | 1 3 |  3.1
Throwing       | 3 |  3.0

Action                   |  1- 3 |  4- 6 |  7- 9 | 10-12 || total
-------------------------+-------+-------+-------+-------++-------
Melee: Dagger            |    73 |    62 |       |       ||   135
       Punch             |     1 |     3 |     8 |     3 ||    15
       Short sword       |       |   112 |   550 |   202 ||   864
 Fire: Sling             |       |       |    22 |    51 ||    73
Throw: Dart              |     4 |     2 |    39 |    16 ||    61
 Cast: Blink             |       |       |     2 |       ||     2
       Call Canine Famil |       |       |       |     3 ||     3
Evoke: Wand              |       |     1 |     5 |     4 ||    10
  Use: Scroll            |     6 |     3 |     9 |       ||    18
       Potion            |       |       |     2 |       ||     2
 Stab: Sleeping          |     8 |     8 |    23 |     5 ||    44
       Distracted        |     1 |       |     3 |     4 ||     8
       Invisible         |       |       |     2 |       ||     2
Armor: Robe              |     7 |    17 |    90 |    32 ||   146
Dodge: Dodged            |    46 |   121 |   491 |   180 ||   838
